 Dungeon Crawl Stone Soup version 0.30-a0-125-g51eefa89be (webtiles) character file.

Game seed: 5574096413002758257

19 greasedhog the Firebug (level 2, -1/15 HPs)
             Began as a Gargoyle Fire Elementalist on Sept 19, 2022.
             Slain by a kobold
             ... wielding a +0 short sword
              (4 damage)
             ... on level 2 of the Dungeon.
             The game lasted 00:01:32 (1184 turns).

greasedhog the Firebug (Gargoyle Fire Elementalist) Turns: 1184, Time: 00:01:32

Health: -1/15      AC:  4    Str: 11    XL:     2   Next: 75%
Magic:  4/5        EV: 11    Int: 15    God:
Gold:   85         SH:  0    Dex: 10    Spells: 3/6 levels left

rFire   . . .      SeeInvis .    h - +2 dagger (pain)
rCold   . . .      Faith    .    (no shield)
rNeg    + . .      Spirit   .    a - +0 robe
rPois   ∞          Reflect  .    (no helmet)
rElec   +          Harm     .    (no cloak)
rCorr   .          Rampage  .    (no gloves)
Will    .....                    (no boots)
Stlth   ++........               (no amulet)
HPRegen 0.05/turn                (no ring)
MPRegen 0.09/turn                (no ring)

@: no status effects
A: sickness immunity, AC +2, negative energy resistance 1, electricity
resistance, torment resistance 1, petrification resistance
a: no special abilities


You were on level 2 of the Dungeon.
You visited 1 branch of the dungeon, and saw 2 of its levels.

You collected 85 gold pieces.

Inventory:

Hand Weapons
 g - a +0 club
 h - a +2 dagger of pain (weapon)
Armour
 a - a +0 robe (worn)
Scrolls
 c - a scroll of noise {unknown}
 e - 2 scrolls of identify {unknown}
 f - 3 scrolls of enchant armour {unknown}
 i - a scroll of magic mapping {unknown}
 m - a scroll of summoning {unknown}
Potions
 b - 2 potions of magic
 d - a potion of lignification {unknown}
 j - a potion of attraction {unknown}
 k - a potion of resistance {unknown}
 l - a potion of cancellation {unknown}


   Skills:
 - Level 1.5 Dodging
 - Level 2.1 Stealth
 * Level 2.5 Spellcasting
 - Level 1.1 Conjurations
 * Level 3.4 Fire Magic


You had 3 spell levels left.
You knew the following spells:

 Your Spells              Type           Power      Damage    Failure   Level
a - Foxfire               Conj/Fire      32%        2x1d5     9%          1
b - Scorch                Fire           24%        2d6       8%          2

Your spell library contained the following spells:

 Spells                   Type           Power      Damage    Failure   Level
 Inner Flame              Hex/Fire       7%         N/A       30%         3
 Kindle Blastsparks       Fire/Tloc/Air  10%        2d10      36%         3
 Flame Wave               Conj/Fire      8%         2d5       63%         4


Dungeon Overview and Level Annotations

Branches:
Dungeon (2/15)

Altars:


Innate Abilities, Weirdness & Mutations

You are immune to sickness and miasma.
Your stone body is resilient. (AC +2)
You are immune to poison.
You resist negative energy. (rN+)
You are resistant to electric shocks. (rElec)
You are resistant to unholy torment.
You are immune to petrification.


Message History

You kill the ball python!
The quokka barely misses you.
You conjure some foxfire!
The quokka closely misses you.
The foxfire hits the quokka.
The quokka is severely wounded.
The foxfire hits the quokka.
You kill the quokka!
The frilled lizard closely misses you.
You conjure some foxfire!
The frilled lizard bites you but does no damage.
The foxfire hits the frilled lizard.
You kill the frilled lizard!
Your foxfire dissipates!
You see here a ball python corpse.
You now have 85 gold pieces (gained 11).
A kobold comes into view. It is wielding a +0 short sword.
A kobold is nearby!
A kobold is nearby!
A kobold is nearby!
Found a chain mail.
The kobold shouts!
You hear an angry hiss.
A ball python comes into view.
The kobold hits you but does no damage.
You conjure some foxfire!
The foxfire hits the ball python.
The ball python is severely wounded.
The kobold hits you with a +0 short sword.
The foxfire hits the kobold.
The kobold is moderately wounded.
The ball python bites you. The ball python grabs you.
The ball python constricts you.
The kobold hits you with a +0 short sword.
You are too injured to fight recklessly!
The ball python bites you. The ball python constricts you.
* * * LOW HITPOINT WARNING * * *
The kobold hits you with a +0 short sword.
* * * LOW HITPOINT WARNING * * *
Unknown command.
You escape the ball python's grasp.
The kobold attacks as you move away!
The kobold hits you with a +0 short sword.
You die...

.#.#..#.>...########........#####
.#.#..#.....## ####...### #
.#...........##########...# #
...........#.##...........# #
###....#####...............#
#....# ####............# #....#
#............# #....# #.........
#..††# ##@.###### #..[.#
#.....SK..# ###....#
#............ .......#
#.............. .......#
#.............. .......#
#.........[.### .......#
#.........#.# .......#
#.........#.# .......#


You could see a ball python and a kobold.

Vanquished Creatures
  A worm (D:2)
  A ball python (D:2)
  2 endoplasms
  2 goblins (D:1)
  A hobgoblin (D:1)
  A quokka (D:2)
  2 bats (D:1)
  2 frilled lizards
  A kobold (D:1)
  3 rats
16 creatures vanquished.

Vanquished Creatures (others)
  32 foxfires
32 creatures vanquished.

Grand Total: 48 creatures vanquished

Notes
Turn   | Place    | Note
-------+----------+-------------------------------------------
     0 | D:1      | greasedhog the Gargoyle Fire Elementalist began the quest
                  | for the Orb.
     0 | D:1      | Reached XP level 1. HP: 10/10 MP: 3/3
   233 | D:1      | Reached XP level 2. HP: 14/15 MP: 5/5
   577 | D:1      | Learned a level 2 spell: Scorch
   837 | D:1      | Found a faded altar of an unknown god.
  1184 | D:2      | Slain by a kobold

Illustrated notes

Levels and vault maps discovered:
D:1:      ebering_trefoil_twist, layout_basic,
          dilly_ecumenical_altar_fadedgnrine
D:2:      layout_basic, basic_altar

Action                   || total
-------------------------++-------
Melee: Dagger            ||    12
 Cast: Foxfire           ||    17
Armor: Robe              ||     5
Dodge: Dodged            ||    20

Table legend: (Time is in decaauts)
 A = Elapsed time spent in this place.
 B = Non-inter-level travel time spent in this place.
 C = Inter-level travel time spent in this place.
 D = Time resting spent in this place.
 E = Time spent auto-exploring this place.
 F = Levels seen in this place.
 G = Mean time per level.
                   A        B        C        D        E       F      G
               +--------+--------+--------+--------+--------+-----+--------+
         Total |   1182 |   1167 |     15 |      0 |   1040 |   2 |  591.0 |
       Dungeon |   1182 |   1167 |     15 |      0 |   1040 |   2 |  591.0 |
               +--------+--------+--------+--------+--------+-----+--------+

Top non-repeatable levels by time:
     D:1: 854 daAuts
     D:2: 328 daAuts
